 Dungeon Crawl Stone Soup version 0.17-a0-1411-g06ff558 (webtiles) character file.

4143 Fizybubbleh the Reanimator (level 10, -3/65 HPs)
             Began as a Mummy Necromancer on June 23, 2015.
             Was an Elder of Sif Muna.
             Slain by a yak (13 damage)
             ... on level 8 of the Dungeon.
             The game lasted 00:49:43 (10840 turns).

Fizybubbleh the Reanimator (Mummy Necromancer)     Turns: 10840, Time: 00:49:43

Health: -3/65      AC:  6    Str: 11    XL:     10   Next: 7%
Magic:  21/21      EV:  7    Int: 22    God:    Sif Muna [****..]
Gold:   364        SH:  0    Dex: 13    Spells: 4 memorised, 15 levels left

rFire  . . .     SeeInvis .     d - +0 dagger (elec)
rCold  + . .     Clarity  .     a - +0 robe
rNeg   + + +     SustAt   .     (no shield)
rPois  ∞         Gourm    .     p - +0 helmet
rElec  .         Spirit   .     l - +2 cloak
rCorr  .         Warding  .     (no gloves)
rMut   .         Stasis   +     (no boots)
MR     +....                    A - amulet of stasis
Stlth  ++........               s - +4 ring of intelligence
                                i - ring of protection from fire

@: somewhat resistant to hostile enchantments, unstealthy
A: no food or potions, fire vulnerability, cold resistance 1, negative energy
resistance 3, torment resistance, unbreathing
a: Channel Energy, Forget Spell, Renounce Religion


You were on level 8 of the Dungeon.
You worshipped Sif Muna.
Sif Muna was greatly pleased with you.
You were not hungry.

You visited 2 branches of the dungeon, and saw 9 of its levels.

You collected 364 gold pieces.

Inventory:

Hand weapons
 d - a +0 dagger of electrocution (weapon)
Missiles
 e - a throwing net
Armour
 a - a +0 robe (worn)
 l - a +2 cloak (worn)
 p - a +0 helmet (worn)
 r - a +0 cloak of invisibility
Jewellery
 i - a ring of protection from fire (left hand)
 m - an uncursed ring of ice
 s - a +4 ring of intelligence (right hand)
 v - an uncursed ring of ice
 A - an amulet of stasis (around neck)
Magical devices
 o - a wand of draining (1)
 u - a wand of slowing (37)
 w - a wand of flame (39)
 y - a wand of frost (22)
 C - a wand of teleportation (0)
Scrolls
 c - 5 scrolls of remove curse
 f - 2 scrolls of enchant weapon
 g - a scroll of identify
 h - a scroll of magic mapping
 j - a scroll of enchant armour
 k - a scroll of teleportation
 n - a scroll of fear {unknown}
 t - a scroll of recharging {unknown}
 x - a scroll of fog {unknown}
 z - a scroll of amnesia {unknown}
Books
 b - a book of Necromancy

   Spells                             Type                      Level
   a - Pain                           Necromancy                   1
   b - Animate Skeleton               Necromancy                   1
   c - Vampiric Draining              Necromancy                   3
   d - Regeneration                   Charms/Necromancy            3
   e - Animate Dead                   Necromancy                   4
   f - Control Undead                 Necromancy                   4
 q - a book of Annihilations {highlevel}

   This book is beyond your current level of understanding.

   Spells                             Type                      Level
   a - Poison Arrow                   Conjuration/Poison           6
   b - Chain Lightning                Conjuration/Air              8
   c - Lehudib's Crystal Spear        Conjuration/Earth            8
   d - Glaciate                       Conjuration/Ice              9
   e - Fire Storm                     Conjuration/Fire             9
 B - a book of Burglary

   Spells                             Type                      Level
   a - Swiftness                      Charms/Air                   2
   b - Passwall                       Transmutation/Earth          3
   c - Passage of Golubria            Translocation                4
   d - Lee's Rapid Deconstruction     Earth                        5
   e - Invisibility                   Hexes                        6
   f - Darkness                       Hexes                        7


   Skills:
 - Level 1.0 Fighting
 - Level 0.1 Short Blades
 - Level 1.5 Dodging
 - Level 1.5 Stealth
 + Level 7.6 Spellcasting
 - Level 12.4 Necromancy


You had 15 spell levels left.
You knew the following spells:

 Your Spells              Type           Power        Failure   Level  Hunger
a - Pain                  Necr           ####         1%          1    N/A
b - Animate Skeleton      Necr           N/A          1%          1    N/A
c - Vampiric Draining     Necr           ######....   1%          3    N/A
d - Control Undead        Necr           ######....   1%          4    N/A

Dungeon Overview and Level Annotations

Branches:
Dungeon (8/15)             Temple (1/1) D:5
   Lair: D:8-11

Altars:
Elyvilon
Gozag
Makhleb
Sif Muna
Trog
Vehumet
Yredelemnul
Zin
The Shining One

Shops:
D:5 :

Annotations:
D:3 exclusion: zombie
D:4 exclusion: skeleton
D:8 Zebura's ghost, experienced NaEE


Innate Abilities, Weirdness & Mutations

You do not eat or drink.
Your flesh is vulnerable to fire.
You are immune to poison.
Your flesh is cold resistant.
You are immune to negative energy.
You are immune to unholy pain and torment.
You can survive without breathing.


Message History

You now have 14/21 mp.
You start resting.
Health restored: 65 You regained 3 mp, and now have 17/21 mp.
(D) Dungeon (T) Temple
Where to? (Enter - D:7 @ (x,y), ? - help)
There is a stone staircase leading down here.
You climb downwards.
Level annotation: Zebura's ghost, experienced NaEE The yak gores you!
The yak gores you. The yak gores you! The yak gores you! The yak gores you!
* * * LOW HITPOINT WARNING * * *
There is a stone staircase leading up here.
You take 55 damage, and have 10/65 hp.
MASSIVE DAMAGE!!
MP restored: 21 Read which item? (? for menu, Esc to quit)
Okay, then.
The yak gores you!
You die...

#...........
#........#.#
.#..........####
.K......o......#
..............#
#............#
#.(.....#...#
#..Y.YY.....#
#..Y@Y###...#
####### #...#
#...# #...#
#####


You could see 5 yaks, an orc priest and a kobold.

Vanquished Creatures
  Pikel (D:4)
  Maurice (D:8)
  A spriggan (D:7)
  5 yaks (D:7)
  Edmund (D:6)
  A water moccasin (D:6)
  A black bear (D:7)
  An ice beast (D:5)
  A centaur (D:5)
  4 ogres
  A crocodile (D:7)
  4 giant frogs
  A water moccasin zombie (D:5)
  3 scorpions
  A wyvern skeleton (D:8)
  A quasit (D:7)
  2 crimson imps
  A giant frog zombie (D:5)
  A jelly (D:5)
  Crazy Yiuf (D:2)
  Ijyb (D:2)
  3 hounds
  An orc priest (D:8)
  A giant frog skeleton (D:7)
  4 orc wizards
  8 worker ants
  Natasha (thrice) (D:3)
  3 iguanas
  A hound skeleton (D:7)
  2 worker ant zombies
  Robin (D:4)
  7 gnolls
  3 adders
  2 shadow imps (D:7)
  3 river rats
  2 oozes
  An adder zombie (D:5)
  3 worms
  8 giant geckos
  29 orcs
  A bat skeleton (D:4)
  5 giant cockroaches
  25 goblins
  13 hobgoblins
  4 jackals
  2 quokkas
  A ball python skeleton (D:4)
  18 bats
  2 giant gecko skeletons (D:4)
  8 giant newts
  9 kobolds
  2 quokka skeletons
  20 rats
229 creatures vanquished.

Vanquished Creatures (collateral kills)
  A hound skeleton (D:5)
  An adder (D:5)
  A shadow imp (D:7)
  A goblin (D:5)
  2 hobgoblins
  A kobold (D:5)
7 creatures vanquished.

Vanquished Creatures (others)
  A slave (D:7)
  A sky beast (D:7)
  An adder (D:7)
  A quokka skeleton (D:4)
  A rat (D:7)
  A plant (D:8)
6 creatures vanquished.

Grand Total: 242 creatures vanquished

Notes
Turn   | Place    | Note
--------------------------------------------------------------
     0 | D:1      | Fizybubbleh the Mummy Necromancer began the quest for the Orb.
     0 | D:1      | Reached XP level 1. HP: 13/13 MP: 3/3
   359 | D:1      | Reached XP level 2. HP: 19/19 MP: 0/5
   698 | D:1      | Learned a level 1 spell: Animate Skeleton
  1234 | D:1      | Reached skill level 5 in Necromancy
  1297 | D:1      | Reached XP level 3. HP: 24/24 MP: 4/6
  1302 | D:1      | Learned a level 3 spell: Vampiric Draining
  2170 | D:2      | Found a radiant altar of Vehumet.
  2176 | D:2      | Noticed Ijyb
  2195 | D:2      | Killed Ijyb
  2195 | D:2      | Reached XP level 4. HP: 28/30 MP: 0/7
  2925 | D:2      | Noticed Crazy Yiuf
  2972 | D:2      | Killed Crazy Yiuf
  2972 | D:2      | Reached skill level 6 in Necromancy
  3465 | D:3      | Noticed Natasha
  3469 | D:3      | Killed Natasha
  3469 | D:3      | Reached XP level 5. HP: 36/36 MP: 1/8
  3811 | D:3      | Found an opulent altar of Gozag.
  3927 | D:3      | Noticed Natasha
  3928 | D:3      | Killed Natasha
  4091 | D:3      | Noticed Natasha
  4141 | D:3      | Killed Natasha
  4703 | D:4      | Reached skill level 1 in Fighting
  4703 | D:4      | Reached skill level 7 in Necromancy
  4822 | D:4      | Noticed an ogre
  4879 | D:4      | Killed an ogre
  4879 | D:4      | Reached XP level 6. HP: 33/43 MP: 0/9
  5107 | D:4      | Learned a level 4 spell: Control Undead
  5182 | D:4      | Noticed a slave
  5183 | D:4      | Noticed Pikel
  5183 | D:4      | Noticed a slave
  5186 | D:4      | Noticed a slave
  5188 | D:4      | Noticed a slave
  5420 | D:4      | Killed Pikel
  5420 | D:4      | Reached skill level 9 in Necromancy
  5420 | D:4      | Reached XP level 7. HP: 48/48 MP: 0/10
  5498 | D:4      | 4thArraOfDagon: hi
  5498 | D:4      | 4thArraOfDagon: whatsup man
  5560 | D:4      | 4thArraOfDagon: what is this crazy combo haha
  5578 | D:4      | Fizybubbleh: hey bro
  5578 | D:4      | Fizybubbleh: just saw this
  5578 | D:4      | Fizybubbleh: i won my hogl
  5578 | D:4      | Fizybubbleh: i asked for something diff
  5578 | D:4      | Fizybubbleh: they told mune is good for beginners
  5578 | D:4      | Fizybubbleh: fizybubbleh has won 5 times in 122 games (4.10%): 1xGrMo 1xHOGl 1xMfIE 1xMiBe 1xSpVM
  5578 | D:4      | 4thArraOfDagon: i guess, i barelly play mummies at all
  5578 | D:4      | Fizybubbleh: i dont get this combo
  5578 | D:4      | Fizybubbleh: i am not using vampiric draining at all
  5663 | D:4      | 4thArraOfDagon: just usa vamp draining+melee weapon
  5679 | D:4      | 4thArraOfDagon: pretty much wrecks everything
  5682 | D:4      | Fizybubbleh: vampiric doesnt do damage at all
  5774 | D:4      | Noticed Robin
  5780 | D:4      | 4thArraOfDagon: it does if you are injured
  5790 | D:4      | Killed Robin
  5829 | D:4      | Fizybubbleh: so i need to be injured?
  6151 | D:4      | Reached skill level 10 in Necromancy
  6151 | D:4      | Reached XP level 8. HP: 54/54 MP: 5/11
  6313 | D:5      | Entered Level 5 of the Dungeon
  6426 | D:5      | Found a staircase to the Ecumenical Temple.
  6436 | Temple   | Entered the Ecumenical Temple
  6520 | Temple   | Became a worshipper of Sif Muna the Loreminder
  6932 | D:5      | Found Yhaucar's Book Shop.
  7267 | D:5      | Acquired Sif Muna's first power
  7267 | D:5      | Reached skill level 11 in Necromancy
  7561 | D:6      | Noticed Edmund
  7581 | D:6      | Killed Edmund
  7898 | D:6      | Found a sand-covered staircase.
  8276 | D:7      | Acquired Sif Muna's second power
  8497 | D:7      | Reached skill level 12 in Necromancy
  8584 | D:7      | Reached XP level 9. HP: 59/59 MP: 3/12
  8954 | D:7      | Killed a freed slave
  9150 | D:7      | Found a glowing golden altar of the Shining One.
  9491 | D:8      | Noticed Maurice
  9872 | D:7      | Reached skill level 5 in Spellcasting
 10407 | D:8      | Killed Maurice
 10510 | D:8      | Noticed Zebura's ghost (experienced NaEE)
 10628 | D:7      | Acquired Sif Muna's third power
 10628 | D:7      | Reached XP level 10. HP: 45/65 MP: 1/21
 10840 | D:8      | Slain by a yak

Vault maps used:
D:1:      lemuel_arrival_muddy, corexii_corridor_pit, hangedman_feature_mirror,
          hangedman_decor_opposing
D:2:      fiery_altar_vehumet, first_bread, grunt_ministairs_4,
          uniq_crazy_yiuf_cottage, uniq_iyjb
D:3:      minmay_misc_feat_columns, grunt_gozag_statues, uniq_natasha
D:4:      uniq_robin, uniq_pikel
D:5:      minmay_temple_entry_grid, serial_shops, kennysheep_mini
D:6:      enter_ossuary_1, uniq_edmund
D:7:      basic_altar, the_bakery
D:8:      grunt_temple_overflow_growth_and_decay, minmay_lair_entry_grove,
          uniq_maurice
Temple:   nicolae_temple_great_sept

Action                   |  1- 3 |  4- 6 |  7- 9 | 10-12 || total
-------------------------+-------+-------+-------+-------++-------
Melee: Dagger            |    13 |    19 |   202 |    10 ||   244
 Cast: Pain              |    68 |   143 |   265 |     6 ||   482
       Vampiric Draining |     5 |     4 |    29 |     2 ||    40
       Control Undead    |       |     2 |    10 |       ||    12
  Use: Scroll            |       |     2 |     4 |       ||     6
 Stab: Sleeping          |     1 |       |       |       ||     1
       Distracted        |       |       |     1 |       ||     1
